 Seeded DCSS version 0.25-a0-1011-g31286d2 (webtiles) character file.

Game seed: 6431695635927419459, levelgen mode: deterministic

1569376 PublicAnimeNo1 the Slayer (level 27, 195/231 HPs)
             Began as a Mummy Gladiator on May 11, 2020.
             Was an Initiate of Gozag.
             Escaped with the Orb
             ... and 3 runes!
             The game lasted 03:13:53 (85158 turns).

PublicAnimeNo1 the Slayer (Mummy Gladiator)        Turns: 85158, Time: 03:13:54

Health: 195/231    AC: 40    Str: 29    XL:     27
Magic:  45/45      EV: 20    Int: 20    God:    Gozag
Gold:   11677      SH: 24    Dex: 22    Spells: 34/44 levels left

rFire    + + +     SeeInvis +   a - +9 broad axe (freeze)
rCold    + + +     Gourm    .   E - +2 shield of Resistance {rF+ rC+ MR+}
rNeg     + + +     Faith    .   q - +6 plate armour of Ashenzari's Esteem {*Contam rElec rF++ rN+++}
rPois    ∞         Spirit   .   W - +2 helmet of Imperfection {+Fly MR+ Str+7 Slay-2}
rElec    +         Reflect  +   X - +2 cloak "Uvaruehy" {rPois rCorr MP+9 SInv}
rCorr    +         Harm     .   D - +3 pair of gauntlets of War {Slay+5}
MR       +++++                  M - +2 pair of boots of the Seven Stories {rF+ rC+ Dex+6}
Stlth    ..........             B - amulet "Alaigest" {Reflect *Corrode rElec rF+ Int+4 SH+5}
HPRegen  0.48/turn              C - ring of the Mage {Wiz MR++ Int+3}
MPRegen  0.29/turn              l - +3 ring of slaying

@: gold aura
A: no food or potions, fire vulnerability, cold resistance 1, negative energy
resistance 3, torment resistance, unbreathing, in touch with death 2
0: Orb of Zot
}: 3/15 runes: barnacled, slimy, silver
a: Potion Petition, Call Merchant, Bribe Branch, Renounce Religion, Evoke Flight


You escaped.
You worshipped Gozag.
Gozag was extremely pleased with you.
You were not hungry.

You visited 12 branches of the dungeon, and saw 55 of its levels.
You visited the Abyss 1 time.
You visited 1 bazaar.
You also visited: Ossuary, Gauntlet and Ice Cave.

You collected 29357 gold pieces.
You spent 5805 gold pieces at shops.
You paid 11875 gold pieces to Gozag.

Inventory:

Hand Weapons
 a - a +9 broad axe of freezing (weapon)
   (You bought it in a shop on level 1 of the Lair of Beasts)
 b - a +9 antimagic broad axe
   (You took it off a death knight on level 13 of the Dungeon)
 y - a +9 vampiric broad axe {!w}
   (You took it off a hell knight on level 4 of the Vaults)
 A - the +11 fustibalus of Terror {flame, +Fly MR+ Int-3}
   (You found it on level 5 of the Vaults)

   It causes projectiles fired from it to burn those they strike, causing extra
   injury to most foes and up to half again as much damage against particularly
   susceptible opponents.
   It affects your intelligence (-3).
   It affects your resistance to hostile enchantments.
   It lets you fly.
Missiles
 i - 10 throwing nets {!f}
 T - 57 javelins (quivered)
Armour
 q - the +6 plate armour of Ashenzari's Esteem (worn) {*Contam rElec rF++ rN+++}
   (You bought it in a shop on level 2 of the Elven Halls)

   It greatly protects you from fire.
   It insulates you from electricity.
   It renders you almost immune to negative energy.
   It causes magical contamination when unequipped.
 r - a +2 cloak of invisibility
   (You took it off a draconian knight on level 3 of the Realm of Zot)
 D - the +3 pair of gauntlets of War (worn) {Slay+5}
   (You acquired it on level 1 of the Vaults)

   It affects your accuracy and damage with ranged weapons and melee attacks
   (+5).
 E - the +2 shield of Resistance (worn) {rF+ rC+ MR+}
   (You found it on level 13 of the Dungeon)

   It protects you from fire.
   It protects you from cold.
   It affects your resistance to hostile enchantments.
 I - a +0 cloak of magic resistance
   (You took it off a draconian annihilator on level 3 of the Realm of Zot)
 M - the +2 pair of boots of the Seven Stories (worn) {rF+ rC+ Dex+6}
   (You found it in a Gauntlet)

   It affects your dexterity (+6).
   It protects you from fire.
   It protects you from cold.
 S - a +1 cloak of invisibility
   (You found it on level 3 of the Realm of Zot)
 W - the +2 helmet of Imperfection (worn) {+Fly MR+ Str+7 Slay-2}
   (You bought it in a shop on level 2 of the Shoals)

   It affects your strength (+7).
   It affects your accuracy and damage with ranged weapons and melee attacks
   (-2).
   It affects your resistance to hostile enchantments.
   It lets you fly.
 X - the +2 cloak "Uvaruehy" (worn) {rPois rCorr MP+9 SInv}
   (You bought it in a shop on level 3 of the Shoals)

   It protects you from poison.
   It affects your magic capacity (+9).
   It lets you see invisible.
   It provides partial protection from all sources of acid and corrosion.
Jewellery
 e - an uncursed amulet of harm
   (You found it on level 4 of the Realm of Zot)
 l - a +3 ring of slaying (right hand)
   (You found it on level 4 of the Depths)
 m - a cursed -4 ring of evasion
   (You found it on level 3 of the Depths)
 o - an uncursed ring of protection from cold
   (You found it on level 2 of the Vaults)
 B - the amulet "Alaigest" (around neck) {Reflect *Corrode rElec rF+ Int+4 SH+5}
   (You acquired it on level 3 of the Crypt)

   [amulet of reflection]

   It shields you and reflects attacks.
   It affects your intelligence (+4).
   It protects you from fire.
   It insulates you from electricity.
   It may corrode you when you take damage.
   It affects your SH (+5).
 C - the ring of the Mage (left hand) {Wiz MR++ Int+3}
   (You bought it in a shop on level 2 of the Shoals)

   [ring of wizardry]

   It improves your spell success rate.
   It affects your intelligence (+3).
   It affects your resistance to hostile enchantments.
 J - an uncursed ring of flight
   (You found it on level 5 of the Pits of Slime)
 P - an uncursed ring of resist corrosion
   (You found it on level 12 of the Dungeon)
 Y - a cursed -5 ring of slaying
   (You found it on level 3 of the Realm of Zot)
Wands
 c - a wand of disintegration (32)
   (You found it on level 1 of the Lair of Beasts)
 d - a wand of iceblast (9)
   (You found it on level 3 of the Shoals)
 p - a wand of enslavement (21)
   (You found it on level 5 of the Dungeon)
 t - a wand of flame (113)
   (You found it in a Gauntlet)
 u - a wand of paralysis (27)
   (You found it on level 6 of the Dungeon)
 v - a wand of digging (17)
   (You found it on level 13 of the Dungeon)
 x - a wand of acid (13)
   (You found it on level 3 of the Shoals)
 H - a wand of polymorph (67)
   (You found it on level 8 of the Dungeon)
Scrolls
 f - 29 scrolls of remove curse {@r2}
 g - 23 scrolls of identify {@r1}
 h - 20 scrolls of teleportation {@r4}
 k - 9 scrolls of fog
 n - 3 scrolls of blinking
 s - 12 scrolls of amnesia
 w - a scroll of enchant weapon
 F - a scroll of brand weapon
 G - 10 scrolls of immolation {!r}
 K - 8 scrolls of magic mapping
 N - 3 scrolls of fear
 R - 2 scrolls of silence
 U - 4 scrolls of vulnerability {!r}
 V - 4 scrolls of summoning
 Z - 2 scrolls of enchant armour
Miscellaneous
 j - a lightning rod (4/4) {!a}
   (You bought it in a shop on level 1 of the Lair of Beasts)
 L - 4 boxes of beasts
 O - a phial of floods
   (You found it in a Gauntlet)
 Q - 5 phantom mirrors


   Skills:
 + Level 22.1 Fighting
 - Level 18.0 Axes
 + Level 11.8 Throwing
 + Level 17.5 Armour
 + Level 14.9 Dodging
 + Level 19.7 Shields
 - Level 9.0 Spellcasting
 - Level 2.6 Necromancy
 - Level 6.2 Translocations
 - Level 8.0 Evocations


You had 34 spell levels left.
You knew the following spells:

 Your Spells              Type           Power        Failure   Level  Hunger
b - Blink                 Tloc           N/A          1%          2    N/A
c - Apportation           Tloc           ####..       1%          1    N/A
d - Dispel Undead         Necr           #####...     43%         4    N/A
u - Animate Skeleton      Necr           N/A          5%          1    N/A
x - Call Imp              Summ           #.......     22%         2    N/A

Your spell library contained the following spells:

 Spells                   Type           Power        Failure   Level  Hunger
 Gell's Gravitas          Tloc           ####......   3%          3    N/A
 Pain                     Necr           ####         5%          1    N/A
 Portal Projectile        Hex/Tloc       ###...       12%         3    N/A
 Corpse Rot               Necr/Air       N/A          13%         2    N/A
 Corona                   Hex            #......      16%         1    N/A
 Freeze                   Ice            #...         16%         1    N/A
 Magic Dart               Conj           #...         16%         1    N/A
 Shock                    Conj/Air       #...         16%         1    N/A
 Sting                    Tmut/Pois      #...         16%         1    N/A
 Summon Small Mammal      Summ           #...         16%         1    N/A
 Vampiric Draining        Necr           #####.....   16%         3    N/A
 Ensorcelled Hibernation  Hex/Ice        #.....       22%         2    N/A
 Poisonous Vapours        Pois/Air       #.....       22%         2    N/A
 Slow                     Hex            #.......     22%         2    N/A
 Sticks to Snakes         Tmut           #.......     22%         2    N/A
 Call Canine Familiar     Summ           #.......     38%         3    N/A
 Conjure Flame            Conj/Fire      #.......     38%         3    N/A
 Ignite Poison            Fire/Tmut/Pois #.......     38%         3    N/A
 Inner Flame              Hex/Fire       #.......     38%         3    N/A
 Mephitic Cloud           Conj/Pois/Air  #.......     38%         3    N/A
 Ozocubu's Armour         Chrm/Ice       #.......     38%         3    N/A
 Static Discharge         Conj/Air       #.......     38%         3    N/A
 Summon Guardian Golem    Hex/Summ       #.......     38%         3    N/A
 Agony                    Necr           #####...     77%         5    N/A
 Cause Fear               Hex            #.........   78%         4    N/A
 Hailstorm                Conj/Ice       #.......     78%         4    N/A
 Leda's Liquefaction      Hex/Erth       #.........   78%         4    N/A
 Olgreb's Toxic Radiance  Pois           #.......     78%         4    N/A
 Petrify                  Tmut/Erth      #.......     78%         4    N/A
 Sticky Flame             Conj/Fire      #.......     78%         4    N/A
 Summon Ice Beast         Ice/Summ       #.......     78%         4    N/A
 Summon Lightning Spire   Summ/Air       #.......     78%         4    N/A
 Dispersal                Tloc           ####......   85%         6    N/A
 Excruciating Wounds      Chrm/Necr      ####......   91%         5    N/A
 Alistair's Intoxication  Tmut/Pois      #.......     98%         5    N/A
 Bolt of Magma            Conj/Fire/Erth #.........   98%         5    N/A
 Fireball                 Conj/Fire      #.........   98%         5    N/A
 Irradiate                Conj/Tmut      #.........   98%         5    N/A
 Metabolic Englaciation   Hex/Ice        #.........   98%         5    N/A
 Silence                  Hex/Air        #.........   98%         5    N/A
 Summon Mana Viper        Hex/Summ       #.......     98%         5    N/A
 Yara's Violent Unravell  Hex/Tmut       #.........   98%         5    N/A
 Darkness                 Hex            #.........   100%        6    N/A
 Eringya's Noxious Bog    Tmut/Pois      #.........   100%        6    N/A
 Freezing Cloud           Conj/Ice/Air   #.........   100%        6    N/A
 Invisibility             Hex            #.......     100%        6    N/A
 Iron Shot                Conj/Erth      #.........   100%        6    N/A
 Simulacrum               Ice/Necr       ####......   100%        6    N/A
 Haunt                    Necr/Summ      ####......   100%        7    N/A
 Ring of Flames           Chrm/Fire      #.........   100%        7    N/A
 Controlled Blink         Tloc           N/A          100%        8    N/A
 Discord                  Hex            #.........   100%        8    N/A
 Disjunction              Tloc           ####......   100%        8    N/A
 Infestation              Necr           #####.....   100%        8    N/A
 Shatter                  Erth           #.........   100%        9    N/A
 Sublimation of Blood     Necr           Unusable     N/A         2    N/A
 Beastly Appendage        Tmut           Unusable     N/A         1    N/A
 Spider Form              Tmut/Pois      Unusable     N/A         3    N/A
 Ice Form                 Ice/Tmut       Unusable     N/A         4    N/A
 Blade Hands              Tmut           Unusable     N/A         5    N/A
 Hydra Form               Tmut           Unusable     N/A         6    N/A
 Statue Form              Tmut/Erth      Unusable     N/A         6    N/A
 Dragon Form              Tmut           Unusable     N/A         7    N/A
 Borgnjor's Revivificati  Necr           Unusable     N/A         8    N/A
 Death's Door             Chrm/Necr      Unusable     N/A         8    N/A
 Necromutation            Tmut/Necr      Unusable     N/A         8    N/A

Dungeon Overview and Level Annotations

Branches:
Dungeon (15/15)            Temple (1/1) D:4            Lair (6/6) D:11
 Shoals (4/4) Lair:2       Spider (1/4) Lair:2        Slime (5/5) Lair:6
    Orc (2/2) D:12            Elf (3/3) Orc:2        Vaults (5/5) D:14
  Crypt (3/3) Vaults:3       Tomb (0/3) Crypt:3      Depths (5/5) D:15
    Zot (5/5) Depths:5    Ossuary (visited)           IceCv (visited)
Gauntlet (visited)

Altars:
Ashenzari
Fedhas
Gozag
Hepliaklqana
Kikubaaqudgha
Makhleb
Ru
Trog
Uskayaw
Xom
Yredelemnul
Zin
The Shining One
Beogh
Jiyva

Shops:
D:11 ?   D:13 !   Orc:1 :   Orc:2 !*[(   Elf:1 =%   Elf:2 ([   Lair:1 *
Shoals:2 (=?*[=   Shoals:3 [   Vaults:2 (   Vaults:5 %   Depths:1 *
Depths:3 (

Portals:
Hell: Depths:1 Depths:2 Depths:3 Depths:4 Depths:5
Abyss: Depths:4
Pandemonium: Depths:1 Depths:3
Ziggurat: Depths:1
Trove: Vaults:1 (give 7 scrolls of blinking)

Annotations:
D:10 Erica
D:12 exclusion: upstairs
Lair:2 exclusion: downstairs
Spider:1 Louise
Crypt:2 2 transporters, Ciwiv's ghost, veteran FoFi


Innate Abilities, Weirdness & Mutations

You do not eat or drink.
Your flesh is vulnerable to fire.
You are immune to poison.
Your flesh is cold resistant. (rC+)
You are immune to negative energy. (rN+++)
You are immune to unholy pain and torment.
You can survive without breathing.
You are strongly in touch with the powers of death.


Message History

You slice Ithuseth!! You freeze Ithuseth! You hit the sun demon.
You freeze the sun demon. You block Ithuseth's attack.
The sun demon closely misses you.
You open Ithuseth like a pillowcase!!! You freeze Ithuseth!
You hit the sun demon. You freeze the sun demon. You block Ithuseth's attack.
You barely miss Ithuseth. You closely miss the sun demon.
You block Ithuseth's attack.
The sun demon hits you but does no damage.
You block Ithuseth's attack.
You hit Ithuseth. You freeze Ithuseth. You slash the sun demon!
You freeze the sun demon. You block the sun demon's attack.
Ithuseth hits you but does no damage.
You hit Ithuseth but do no damage. You slice the sun demon!!
You freeze the sun demon.
You kill the sun demon!
Ithuseth hits you.
You hit Ithuseth. You freeze Ithuseth. You slash the giant cockroach!
You freeze the giant cockroach.
You kill the giant cockroach!
The giant cockroach's corpse dissolves into shadows!
Ithuseth hits you but does no damage. Ithuseth closely misses you.
You slash Ithuseth! You freeze Ithuseth. Ithuseth hits you but does no damage.
Your plate armour of Ashenzari's Esteem prevents you from hitting Ithuseth.
Ithuseth gestures.
Ithuseth's surroundings become eerily quiet.
You slash Ithuseth! You freeze Ithuseth. You slice the hobgoblin!!
You freeze the hobgoblin.
You kill the hobgoblin!
The hobgoblin's corpse dissolves into shadows!
Ithuseth hits you but does no damage.
You slash Ithuseth! You freeze Ithuseth.
As Ithuseth dies, the sound returns.
You kill Ithuseth!
You slice the giant cockroach!! You freeze the giant cockroach.
You kill the giant cockroach!
The giant cockroach's corpse dissolves into shadows!
You now have 11677 gold pieces (gained 14).
A rock wall.
This square is covered in magical glow.
The rock shatters into small pieces.
You enter the shallow water.
Moving in this stuff is going to be slow.
A blizzard demon comes into view.
The blizzard demon gestures at you. The freezing blast engulfs you. You resist.
You are engulfed in freezing vapours.
You resist.
There is a staircase leading out of the dungeon here.
You can't go down here!
Unknown command.
You are engulfed in freezing vapours.
You resist.
You have escaped!

#.# #.####.≈≈..#..##.#.# #.##.
#.###...#.≈≈≈≈....#...## #....
#.#....##≈≈≈≈...≈≈....######....
#.#.####≈≈....≈≈≈≈..≈.##........
#.#.#####....≈≈≈≈≈≈..###........
#......###.≈≈≈≈≈≈≈≈≈.###.###..)(
##.#.####.#..≈≈≈≈≈≈≈..##..# ##...
#.###...#.#...≈☼2○○≈≈.##.$# ###..
##.#.#####..≈≈..@.☼≈≈≈...## #....
##..# ##.≈≈≈.○☼☼.≈.#######....
#..# #)≈≈≈≈.≈≈≈..# #...... #..#
##.≈≈≈≈≈≈≈≈.## ###.#.... ##.(#
#...≈.≈≈≈≈.≈## #...#....
##...######%#..≈≈≈≈≈..#########.#
#.......##.##.≈≈≈≈≈....##...# #.!
#.....#####...≈≈.....#.####.# ###
#.....# #...≈..#...#..# #.#


You could see a blizzard demon.

Vanquished Creatures
  the Royal Jelly (Slime:5)
  A pandemonium lord (D:1)
  3 orbs of fire
  Mara (Depths:1)
  5 ancient liches (Zot:5)
  8 Killer Klowns
  Margery (Vaults:4)
  4 curse toes
  A profane servitor (Crypt:3)
  7 golden dragons
  4 electric golems
  A bone dragon (Zot:1)
  Rupert (Lair:5)
  An Ice Fiend (D:10)
  8 tentacled monstrosities
  A shard shrike skeleton (Crypt:1)
  5 liches
  18 Orb Guardians
  2 deep elf blademasters (Elf:3)
  19 acid blobs
  4 quicksilver dragons
  2 deep elf master archers (Elf:3)
  6 sphinxes
  2 krakens
  Polyphemus (Shoals:2)
  3 titans
  7 death cobs
  9 ancient champions
  13 tengu reavers
  7 shadow dragons
  19 azure jellies
  17 storm dragons
  7 draconian monks
  7 revenants
  11 draconian knights
  10 fire giants
  An emperor scorpion (Zot:3)
  A ghost moth (Zot:3)
  Ilsuiw (Shoals:2)
  A ghost moth (shapeshifter) (Depths:2)
  3 iron dragons
  A balrug (Zot:1)
  2 curse skulls
  4 draconian shifters
  9 frost giants
  9 deep elf sorcerers
  An orc warlord (Orc:2)
  4 draconian scorchers
  A draconian stormcaller (Zot:3)
  A ghoul (Crypt:1)
  14 vault wardens
  3 deep elf elementalists (Elf:3)
  A reaper (Depths:1)
  4 draconian annihilators
  22 ironheart preservers
  28 very ugly things
  2 war gargoyles (Vaults:5)
  5 entropy weavers
  21 stone giants
  7 vampire knights
  10 green draconians
  13 deep elf annihilators
  2 lorocyprocas
  Azrael (D:14)
  9 white draconians
  4 deep elf demonologists
  10 purple draconians
  11 red draconians
  12 yellow draconians
  7 black draconians
  A minotaur (Gauntlet)
  14 spark wasps
  12 deep elf death magi
  10 ettins
  3 death oozes
  2 merfolk javelineers
  2 green deaths
  Snorg (D:11)
  6 eidola
  14 fire dragons
  Josephine (Lair:4)
  2 mummy priests (Crypt:3)
  10 merfolk impalers
  Erolcha (Orc:2)
  11 jiangshi
  17 ogre magi
  2 hell beasts (D:9)
  17 great orbs of eyes
  11 yaktaur captains
  32 vault guards
  10 hydras
  2 deep elf high priests (Vaults:5)
  7 ice dragons
  Fannar (D:11)
  3 catoblepae
  A ghost crab (Gauntlet)
  3 merfolk avatars
  2 alligator snapping turtles (Shoals:4)
  14 centaur warriors
  5 spriggan air magi
  51 two-headed ogres
  3 death knights
  4 monstrous demonspawn
  5 merfolk aquamancers
  5 deep troll shamans
  A queen ant (shapeshifter) (Vaults:5)
  A queen ant (Lair:5)
  9 death yaks
  4 satyrs (Shoals:4)
  3 tengu warriors
  2 orc high priests
  11 vampire magi
  3 deep troll earth magi (Depths:4)
  3 hell hogs (Abyss:2)
  Urug (D:10)
  2 spriggan berserkers
  16 deep elf knights
  5 sun demons
  2 wretched stars (Abyss:2)
  5 soul eaters
  6 shadow wraiths
  A fire crab (shapeshifter) (Depths:4)
  2 sixfirhies
  4 iron trolls
  An iron troll (shapeshifter) (D:15)
  19 deep trolls
  An infernal demonspawn (Depths:3)
  5 large abominations
  2 glowing orange brains (Depths:4)
  A deep troll (shapeshifter) (Elf:2)
  2 wizards
  2 starcursed masses (Abyss:2)
  5 flayed ghosts
  10 hell knights
  4 unseen horrors
  A salamander mystic (Depths:3)
  6 sea snakes
  20 skeletal warriors
  25 harpies
  5 necromancers
  7 deep elf archers
  A lindwurm (Lair:5)
  An orange crystal statue (Gauntlet)
  A tengu zombie (Depths:4)
  3 phantasmal warriors
  An iron giant skeleton (Crypt:1)
  18 orc knights
  9 ironbrand convokers
  An iron dragon zombie (Crypt:3)
  2 salamanders (Depths:3)
  55 deep elf magi
  4 wolf spiders
  5 orc sorcerers
  12 fauns
  2 orb spiders (shapeshifter)
  53 ugly things
  A fire giant zombie (Crypt:3)
  3 salamanders (shapeshifter)
  9 manticores
  6 shining eyes
  7 cyclopes
  A guardian serpent (shapeshifter) (Vaults:1)
  22 moths of wrath
  2 black mambas (Lair:6)
  A black mamba (shapeshifter) (D:15)
  2 eyes of devastation
  9 vault sentinels
  11 elephants
  2 ice statues (IceCv)
  10 merfolk sirens
  Psyche (D:10)
  An elf zombie (Depths:4)
  4 gargoyles
  4 water nymphs
  3 smoke demons
  A torpor snail (Lair:5)
  An apocalypse crab (Abyss:2)
  A spriggan skeleton (Depths:4)
  2 minotaur zombies (Crypt:2)
  3 rime drakes
  A shock serpent skeleton (Crypt:2)
  A yaktaur (shapeshifter) (D:15)
  7 spiny frogs
  7 freezing wraiths
  A swamp worm zombie (Crypt:3)
  2 efreet
  5 guardian mummies
  2 kobold demonologists (D:13)
  4 komodo dragons
  2 tengu conjurers
  A redback zombie (D:14)
  37 yaktaurs
  9 ice devils
  A hellwing (Depths:3)
  2 ancient zymes (Abyss:2)
  3 red devils
  2 wind drakes
  A polar bear (Lair:4)
  9 trolls
  23 merfolk
  A jumping spider (shapeshifter) (Elf:3)
  A wind drake (shapeshifter) (Depths:3)
  3 hornets
  A dream sheep (shapeshifter) (Vaults:3)
  5 snapping turtles
  86 slime creatures
  3 dream sheep (Shoals:4)
  A hippogriff (shapeshifter) (Vaults:2)
  A meliai zombie (D:14)
  15 blink frogs
  3 small abominations (Abyss:2)
  5 hippogriffs
  4 air elementals
  6 redbacks
  19 wraiths
  2 shadows
  23 water elementals
  2 tarantellas (shapeshifter)
  A tarantella (Vaults:4)
  54 yaks
  2 ynoxinuls (Abyss:2)
  A wyvern (D:8)
  7 fire elementals
  A human (shapeshifter) (D:15)
  3 ushabtiu (Crypt:3)
  10 golden eyes
  5 vampire mosquitoes
  A hungry ghost (D:12)
  4 basilisks
  2 human simulacra
  5 soldier ants
  6 wargs
  2 acid dragons
  A soldier ant (shapeshifter) (D:15)
  2 faun skeletons
  3 hell hounds
  2 floating eyes
  An infernal demonspawn skeleton (Crypt:1)
  A hornet zombie (D:13)
  13 porcupines
  2 black bears
  15 water moccasins
  A phantom (D:8)
  2 spiny frog skeletons (Crypt:3)
  A meliai simulacrum (D:14)
  A torturous demonspawn skeleton (Crypt:3)
  54 orc warriors
  4 ice beasts
  2 sky beasts (D:7)
  An ettin simulacrum (Crypt:3)
  A necrophage (D:12)
  3 eyes of draining
  52 ogres
  7 boggarts
  A blink frog skeleton (Crypt:1)
  13 wolves (Lair:6)
  A snapping turtle skeleton (Abyss:2)
  28 centaurs
  9 crocodiles
  An elf simulacrum (Depths:4)
  A hog skeleton (Crypt:1)
  A fire crab zombie (Crypt:2)
  8 big kobolds
  A gnoll sergeant (D:9)
  21 bullfrogs
  An earth elemental (Elf:3)
  A wyvern zombie (Crypt:1)
  A wyvern skeleton (D:14)
  8 scorpions
  6 killer bees
  8 wights
  9 howler monkeys
  An electric eel (Elf:3)
  8 crimson imps
  3 centaur zombies
  3 quasits
  A bullfrog zombie (D:13)
  3 draconian simulacra (IceCv)
  A gnoll shaman (Orc:2)
  8 hounds
  10 jellies
  2 bullfrog skeletons
  33 orc priests
  7 centaur skeletons
  3 iguanas
  4 iron imps
  A basilisk skeleton (Crypt:2)
  A human skeleton (Crypt:2)
  24 orc wizards
  4 hell rats
  21 worker ants
  A porcupine skeleton (Crypt:3)
  4 troll simulacra (IceCv)
  A centaur simulacrum (IceCv)
  A naga skeleton (Crypt:1)
  A demigod skeleton (Crypt:2)
  A hound zombie (D:9)
  20 mummies
  11 gnolls
  A scorpion zombie (Crypt:1)
  11 adders
  2 naga simulacra (IceCv)
  2 river rats (D:4)
  6 shadow imps
  A white imp (Depths:3)
  An ufetubus (Depths:3)
  3 oozes
  An adder zombie (D:8)
  6 worms
  2 dart slugs
  6 leopard geckos
  144 orcs
  11 bats
  A bat skeleton (Crypt:3)
  9 giant cockroaches
  7 goblins
  4 hobgoblins
  15 jackals
  7 quokkas
  A ball python (D:3)
  9 frilled lizards
  A frilled lizard skeleton (Crypt:1)
  A giant cockroach zombie (D:5)
  2 hobgoblin zombies (Ossuary)
  24 kobolds
  3 kobold zombies (Ossuary)
  A leopard gecko skeleton (Crypt:3)
  2 leopard gecko zombies
  3 orc zombies (Ossuary)
  A quokka skeleton (D:5)
  9 rats
  A rat skeleton (Crypt:1)
  2 fungi
  2 pillars of salt (Elf:1)
  22 plants
  7 tentacles
2401 creatures vanquished.

Vanquished Creatures (collateral kills)
  A golden dragon (Zot:5)
  A titan (Zot:5)
  A quicksilver dragon (Zot:5)
  4 Orb Guardians (Zot:5)
  2 storm dragons (Zot:2)
  A draconian monk (Zot:5)
  A ghost moth (Zot:3)
  2 draconian scorchers
  2 draconian annihilators
  A green draconian (Zot:3)
  2 purple draconians
  3 white draconians
  2 moths of wrath
  An acid dragon (D:9)
  2 hell hounds (Zot:2)
  A gnoll (D:9)
  An orc (D:9)
28 creatures vanquished.

Vanquished Creatures (others)
  An orb of fire (Zot:5)
  2 ancient liches (Zot:5)
  2 Killer Klowns
  A golden dragon (Zot:2)
  2 tentacled monstrosities
  5 Orb Guardians (Zot:5)
  2 draconian monks
  2 draconian knights
  A draconian shifter (Zot:3)
  A draconian stormcaller (Zot:2)
  2 draconian annihilators
  5 green draconians
  3 black draconians
  3 yellow draconians
  2 red draconians
  3 purple draconians
  An ice dragon (Zot:1)
  22 dancing weapons
  A deep elf knight (Elf:2)
  6 moths of wrath
  A merfolk (Shoals:1)
  A boggart (D:15)
  2 orcs (Orc:2)
  A demonic plant (Gauntlet)
  6 fungi
  31 plants
  18 tentacles
127 creatures vanquished.

Grand Total: 2556 creatures vanquished

Notes
Turn   | Place    | Note
-------+----------+-------------------------------------------
     0 | D:1      | PublicAnimeNo1 the Mummy Gladiator began the quest for the
                  | Orb.
     0 | D:1      | Reached XP level 1. HP: 16/16 MP: 1/1
   401 | D:1      | Reached XP level 2. HP: 15/22 MP: 2/2
  1163 | D:2      | Found a glowing golden altar of the Shining One.
  1319 | D:2      | Reached XP level 3. HP: 28/28 MP: 3/3
  2392 | D:3      | Reached XP level 4. HP: 33/34 MP: 4/4
  2993 | D:3      | Reached skill level 3 in Fighting
  3002 | D:3      | Reached XP level 5. HP: 16/41 MP: 5/5
  3214 | D:3      | Reached skill level 1 in Shields
  3391 | D:4      | Found a sand-covered staircase.
  3400 | Ossuary  | Entered an ossuary
  3456 | Ossuary  | Reached skill level 1 in Armour
  3748 | Ossuary  | Reached XP level 6. HP: 27/47 MP: 6/6
  4371 | D:4      | Reached XP level 7. HP: 53/53 MP: 7/7
  4795 | D:4      | Found a staircase to the Ecumenical Temple.
  4819 | Temple   | Entered the Ecumenical Temple
  4871 | Temple   | Became a worshipper of Gozag Ym Sagoz the Greedy
  5054 | D:4      | Reached skill level 4 in Fighting
  5246 | D:5      | Entered Level 5 of the Dungeon
  5548 | D:5      | Reached skill level 5 in Axes
  6172 | D:6      | Reached XP level 8. HP: 58/61 MP: 8/8
  6454 | D:6      | Found a sacrificial altar of Ru.
  7000 | D:7      | Reached skill level 1 in Evocations
  7368 | D:7      | Reached skill level 5 in Fighting
  7861 | D:6      | Reached XP level 9. HP: 39/68 MP: 10/10
  8191 | D:7      | Reached skill level 5 in Shields
  8313 | D:7      | Found a shimmering altar of Xom.
  8325 | D:7      | Found a shimmering altar of Xom.
  8326 | D:7      | Found a shimmering altar of Xom.
  8642 | D:8      | Found a hide-covered altar of Uskayaw.
 10210 | D:9      | Reached skill level 6 in Fighting
 10327 | D:9      | Noticed a gargoyle
 10536 | D:9      | Noticed a two-headed ogre
 10549 | D:9      | Killed a two-headed ogre
 10549 | D:9      | Reached XP level 10. HP: 68/76 MP: 10/12
 11218 | D:9      | Killed a gargoyle
 12353 | D:10     | Entered Level 10 of the Dungeon
 12793 | D:10     | Noticed Urug
 12821 | D:10     | Killed Urug
 13129 | D:10     | Noticed Erica
 13479 | D:10     | Noticed Psyche
 13507 | D:10     | Killed Psyche
 13507 | D:10     | Reached skill level 5 in Armour
 13586 | D:11     | Noticed Fannar
 13631 | D:11     | Killed Fannar
 13631 | D:11     | Reached skill level 7 in Fighting
 13631 | D:11     | Reached XP level 11. HP: 18/84 MP: 4/14
 14418 | D:11     | Noticed Snorg
 14908 | D:12     | Noticed an unseen horror
 14914 | D:12     | Killed an unseen horror
 14961 | D:12     | Noticed a white ugly thing
 14975 | D:12     | Killed a white ugly thing
 15005 | D:12     | Noticed a five-headed hydra
 15021 | D:12     | Killed a five-headed hydra
 15891 | D:11     | Found a roughly hewn altar of Beogh.
 16247 | D:11     | Found a staircase to the Lair.
 16725 | D:12     | Noticed a six-headed hydra
 16878 | D:11     | Found Povusm's Magic Scroll Shoppe.
 16883 | D:11     | Bought a scroll of immolation for 42 gold pieces
 16920 | Lair:1   | Entered Level 1 of the Lair of Beasts
 16932 | Lair:1   | Reached skill level 8 in Fighting
 17286 | Lair:1   | Noticed an eight-headed hydra
 17321 | Lair:1   | Killed an eight-headed hydra
 17563 | Lair:1   | Bought a +6 broad axe of freezing for 431 gold pieces
 17571 | Lair:1   | Bought a lightning rod (4/4) for 440 gold pieces
 17650 | Lair:1   | Reached XP level 12. HP: 80/93 MP: 13/15
 17993 | Lair:1   | Reached skill level 10 in Axes
 18374 | Lair:2   | Found a frozen archway.
 18401 | IceCv    | Entered an ice cave
 20138 | Lair:2   | Reached skill level 9 in Fighting
 20139 | Lair:2   | Found a staircase to the Shoals.
 20445 | Lair:2   | Found a hazy altar of Hepliaklqana.
 20677 | Lair:2   | Found a hole to the Spider Nest.
 20920 | Lair:3   | Got an ivory battleaxe
 20921 | Lair:3   | Identified the +11 battleaxe "Lihoitoi" {drain, Fragile
                  | rPois Int+4 Dex+7} (You found it on level 3 of the Lair of
                  | Beasts)
 21053 | Lair:3   | Got a bloodstained ring mail
 21723 | Lair:3   | Identified the +5 ring mail of Beogh's Delight {rN+} (You
                  | found it on level 3 of the Lair of Beasts)
 21751 | Lair:4   | Noticed Josephine
 21767 | Lair:4   | Killed Josephine
 22439 | Lair:4   | Gained mutation: You are in touch with the powers of death.
                  | [Mummy growth]
 22439 | Lair:4   | Reached XP level 13. HP: 82/101 MP: 11/16
 23418 | Lair:5   | Reached skill level 10 in Shields
 23720 | Lair:5   | Noticed Rupert
 23722 | Lair:5   | Paralysed by Rupert for 2 turns
 24083 | Lair:6   | Entered Level 6 of the Lair of Beasts
 24513 | D:12     | Reached skill level 10 in Fighting
 24784 | D:12     | Found a staircase to the Orcish Mines.
 25425 | D:13     | Got a smoking jade ring
 25486 | D:13     | Identified the ring "Loseowohy" {*Tele +Inv} (You found it
                  | on level 13 of the Dungeon)
 25593 | D:13     | Found the +2 shield of Resistance {rF+ rC+ MR+}
 25593 | D:13     | Found a runed translucent door.
 25593 | D:13     | Noticed a fire dragon
 25593 | D:13     | Noticed a fire dragon
 25596 | D:13     | Found a runed translucent door.
 26564 | D:13     | Found Kassoss's Distillery.
 27212 | D:13     | Killed a fire dragon
 27649 | D:14     | Noticed Azrael
 27968 | Orc:1    | Entered Level 1 of the Orcish Mines
 28009 | Orc:1    | Noticed an ettin
 28028 | Orc:1    | Killed an ettin
 28263 | Orc:1    | Found Dusosam's Book Emporium.
 28484 | Orc:1    | Found a runed translucent door.
 28695 | Orc:1    | Found a roughly hewn altar of Beogh.
 28764 | Orc:2    | Entered Level 2 of the Orcish Mines
 28810 | Orc:2    | Found a gate leading to a gauntlet.
 28843 | Gauntlet | Entered a Gauntlet
 28843 | Gauntlet | Found a transporter.
 28843 | Gauntlet | Found a transporter.
 28847 | Gauntlet | Found a transporter.
 28847 | Gauntlet | Found a transporter.
 28849 | Gauntlet | Found a large runed translucent door.
 28850 | Gauntlet | Found a large runed translucent door.
 28851 | Gauntlet | Found a large runed translucent door.
 28851 | Gauntlet | Found a large runed translucent door.
 28851 | Gauntlet | Found a runed translucent door.
 28851 | Gauntlet | Found a runed translucent door.
 28852 | Gauntlet | Found a large runed translucent door.
 28852 | Gauntlet | Found a large runed translucent door.
 28852 | Gauntlet | Found a large runed translucent door.
 28852 | Gauntlet | Found a large runed translucent door.
 28853 | Gauntlet | Found a large runed translucent door.
 28853 | Gauntlet | Found a large runed translucent door.
 28854 | Gauntlet | Found a large runed translucent door.
 28854 | Gauntlet | Found a large runed translucent door.
 28855 | Gauntlet | Found a runed translucent gate.
 28855 | Gauntlet | Found a runed translucent gate.
 28855 | Gauntlet | Found a runed translucent gate.
 28856 | Gauntlet | Noticed a green death
 28857 | Gauntlet | Found a transporter.
 28865 | Gauntlet | Found a transporter.
 28867 | Gauntlet | Found a transporter.
 28873 | Gauntlet | Found a transporter.
 28881 | Gauntlet | Found a transporter.
 28906 | Gauntlet | Found a large runed translucent door.
 28907 | Gauntlet | Found a large runed translucent door.
 28909 | Gauntlet | Found a transporter.
 28933 | Gauntlet | Found a transporter.
 28954 | Gauntlet | Found a large runed translucent door.
 28955 | Gauntlet | Found a large runed translucent door.
 28959 | Gauntlet | Found a transporter.
 29001 | Gauntlet | Found a transporter.
 29017 | Gauntlet | Found a transporter.
 29115 | Gauntlet | Found a transporter.
 29129 | Gauntlet | Found a transporter.
 29275 | Gauntlet | Paralysed by a wizard for 5 turns
 29357 | Gauntlet | Got a pair of brightly glowing boots
 29360 | Gauntlet | Identified the +2 pair of boots of the Seven Stories {rF+
                  | rC+ Dex+6} (You found it in a Gauntlet)
 29433 | Gauntlet | Got a scintillating marble ring
 29479 | Gauntlet | Identified the ring "Oxzinai" {rF+ rC+ rN+ Dex-3 Stlth+}
                  | (You found it in a Gauntlet)
 29494 | Gauntlet | Noticed a minotaur
 29507 | Gauntlet | Killed a minotaur
 29507 | Gauntlet | Reached XP level 14. HP: 78/111 MP: 11/17
 29512 | Gauntlet | Got an ebony halberd
 29734 | Orc:2    | Found a roughly hewn altar of Beogh.
 29746 | Orc:2    | Found Jesel's Distillery.
 29835 | Orc:2    | Noticed Erolcha
 29858 | Orc:2    | Killed Erolcha
 30014 | Orc:2    | Found a roughly hewn altar of Beogh.
 30044 | Orc:2    | Found a roughly hewn altar of Beogh.
 30170 | Orc:2    | Found a roughly hewn altar of Beogh.
 30190 | Orc:2    | Found Duyz's Assorted Antiques.
 30196 | Orc:2    | Bought a pair of runed gloves for 217 gold pieces
 30284 | Orc:2    | Found a staircase to the Elven Halls.
 30354 | Orc:2    | Found a roughly hewn altar of Beogh.
 30596 | Orc:2    | Found a roughly hewn altar of Beogh.
 30801 | Orc:2    | Noticed an orc warlord
 31187 | Orc:2    | Killed an orc warlord
 31372 | Orc:2    | Reached skill level 11 in Fighting
 31685 | Orc:2    | Found Jaohelaf's Antique Weapon Emporium.
 31686 | Orc:2    | Found a roughly hewn altar of Beogh.
 31687 | Orc:2    | Found Sioheips's Antique Armour Shoppe.
 31706 | Orc:2    | Bought a glowing cloak for 277 gold pieces
 32521 | Lair:5   | Noticed an entropy weaver
 32614 | Lair:5   | Noticed an entropy weaver
 32622 | Lair:5   | Killed an entropy weaver
 32854 | Lair:5   | Killed Rupert
 33021 | Lair:5   | Killed an entropy weaver
 33795 | Lair:6   | Found an ancient bone altar of Kikubaaqudgha.
 34368 | Lair:6   | Found a staircase to the Slime Pits.
 34368 | Lair:6   | Found a viscous altar of Jiyva.
 34644 | Lair:6   | Reached XP level 15. HP: 114/120 MP: 18/18
 34669 | Lair:6   | Learned a level 1 spell: Animate Skeleton
 34671 | Lair:6   | Learned a level 1 spell: Apportation
 34674 | Lair:6   | Learned a level 2 spell: Blink
 34677 | Lair:6   | Learned a level 2 spell: Call Imp
 35845 | D:14     | Reached skill level 12 in Fighting
 35883 | D:14     | Reached skill level 10 in Armour
 36105 | D:14     | Killed Azrael
 36897 | D:14     | Got a bloodstained spear
 36984 | D:14     | Identified the Grimoire of Glacial Heat
 37057 | D:14     | Found a gate to the Vaults.
 37437 | D:15     | Entered Level 15 of the Dungeon
 37842 | D:15     | Noticed a frost giant
 37842 | D:15     | an alligator snapping turtle changed into a frost giant
 37845 | D:15     | a frost giant changed into an iron troll
 37853 | D:15     | Found a staircase to the Depths.
 38792 | D:11     | Killed Snorg
 38879 | Spider:1 | Entered Level 1 of the Spider Nest
 38879 | Spider:1 | Noticed Louise
 38948 | Shoals:1 | Entered Level 1 of the Shoals
 38986 | Shoals:1 | Reached skill level 5 in Evocations
 39760 | Shoals:2 | Noticed Ilsuiw
 39828 | Shoals:2 | Killed Ilsuiw
 39828 | Shoals:2 | Reached XP level 16. HP: 41/129 MP: 4/19
 40527 | Shoals:2 | Found Ireimese's Jewellery Shoppe.
 40619 | Shoals:2 | Noticed Polyphemus
 40752 | Shoals:2 | Found Juqaquph's Magic Scroll Shop.
 40779 | Shoals:2 | Bought a brightly glowing helmet for 351 gold pieces
 40779 | Shoals:2 | Identified the +2 helmet of Imperfection {+Fly MR+ Str+7
                  | Slay-2} (You bought it in a shop on level 2 of the Shoals)
 40792 | Shoals:2 | Bought the ring of the Mage {Wiz MR++ Int+3} for 672 gold
                  | pieces
 40792 | Shoals:2 | Found the ring of the Mage {Wiz MR++ Int+3}
 40995 | Elf:1    | Entered Level 1 of the Elven Halls
 41755 | Elf:1    | Found Uddu's Jewellery Boutique.
 41781 | Elf:1    | Found Cauguy's Food Shop.
 42421 | Elf:2    | Reached skill level 15 in Axes
 43071 | Elf:2    | Found Kybi's Weapon Emporium.
 43088 | Elf:2    | Found Ucolonix's Armour Emporium.
 43108 | Elf:2    | Reached skill level 13 in Fighting
 43577 | Elf:2    | Bought the +6 plate armour of Ashenzari's Esteem {*Contam
                  | rElec rF++ rN+++} for 1798 gold pieces
 43947 | Elf:2    | Found a runed translucent gate.
 43949 | Elf:2    | Found a runed translucent gate.
 43950 | Elf:2    | Found a runed translucent gate.
 44680 | Elf:3    | Entered Level 3 of the Elven Halls
 44780 | Elf:3    | Reached XP level 17. HP: 94/137 MP: 5/21
 45726 | Elf:3    | Noticed a deep elf blademaster
 46020 | Elf:3    | Noticed a deep elf master archer
 46022 | Elf:3    | Noticed a deep elf master archer
 46042 | Elf:3    | Killed a deep elf master archer
 46339 | Elf:3    | Noticed a deep elf blademaster
 46360 | Elf:3    | Cast into level 2 of the Abyss (+4 glaive of distortion)
 46818 | Abyss:2  | Paralysed by you for 7 turns
 47041 | Elf:3    | Escaped the Abyss
 47080 | Elf:3    | Killed a deep elf blademaster
 47681 | Elf:3    | Killed a deep elf blademaster
 48052 | Elf:3    | Identified the cursed +1 leather armour of Trial and Error
                  | {rElec rCorr}
 48285 | Elf:3    | Identified the cursed +1 rapier "Demonbane" {vorpal, +Fly
                  | rF+ MR- Dex+5}
 48291 | Elf:3    | Identified the ring "Haajim" {Fire Str+4 Dex+3}
 48314 | Elf:3    | Killed a deep elf master archer
 48315 | Elf:3    | Identified the cursed +1 flail "Lity" {flame, rF+ rN+ Int+3
                  | Dex-2}
 48315 | Elf:3    | Identified the ring of Tigg {rElec rPois rF+++ Str-3 Dex-5}
 48332 | Elf:3    | Noticed a Hell Sentinel
 50409 | Elf:3    | Identified the +4 rapier of Bloody Death {vorpal, rPois
                  | Str+2 Dex+5}
 50476 | Elf:3    | Reached skill level 14 in Fighting
 50575 | Elf:3    | Noticed an Ice Fiend
 50591 | Elf:3    | Got a polished shortbow
 50671 | Elf:3    | Got a twisted helmet
 50741 | Elf:3    | Identified the +1 helmet of Wyageeg {rElec Int-5 SInv} (You
                  | found it on level 3 of the Elven Halls)
 51290 | Shoals:2 | Noticed a kraken
 51314 | Shoals:2 | Killed a kraken
 51762 | Shoals:2 | Reached XP level 18. HP: 125/146 MP: 18/23
 51846 | Shoals:2 | Killed Polyphemus
 51853 | Shoals:2 | Found Coam's Weapon Boutique.
 52358 | Shoals:3 | Found Lecw's Armour Shoppe.
 52481 | Shoals:3 | Bought the +2 cloak "Uvaruehy" {rPois rCorr MP+9 SInv} for
                  | 761 gold pieces
 53089 | Shoals:3 | Upgraded the game from 0.25-a0-1007-g10a8c3c to
                  | 0.25-a0-1009-gac5e0fa
 53131 | Shoals:4 | Entered Level 4 of the Shoals
 54708 | Shoals:4 | Identified the +6 chain mail "Wukus" {+Blink rC+ Str+4}
 54903 | Shoals:4 | Got a barnacled rune of Zot
 55981 | Vaults:1 | Entered Level 1 of the Vaults
 56795 | Vaults:1 | Reached XP level 19. HP: 154/154 MP: 11/25
 56841 | Vaults:1 | Found a portal to a secret trove of treasure.
 56981 | Vaults:1 | Reached skill level 15 in Fighting
 57359 | Vaults:1 | Found a roughly hewn altar of Beogh.
 58202 | Vaults:1 | Identified a scroll of acquirement
 58202 | Vaults:1 | Identified the amulet of the Equinox {Reflect rN+ Dex+3
                  | SH+5 Stlth+} (You acquired it on level 1 of the Vaults)
 58203 | Vaults:1 | Found the +3 pair of gauntlets of War {Slay+5}
 58796 | Vaults:2 | Found Vila Qonn's Antique Weapon Emporium.
 59191 | Vaults:2 | Noticed a Brimstone Fiend
 59820 | Vaults:2 | Reached skill level 1 in Spellcasting
 60541 | Vaults:3 | Reached skill level 1 in Translocations
 60573 | Vaults:3 | Found a flickering gateway to a bazaar.
 60582 | Bazaar   | Entered a bazaar
 60582 | Bazaar   | Found Piahamath's General Store.
 60582 | Bazaar   | Found Fityg's Magic Scroll Emporium.
 60600 | Bazaar   | Bought a scroll of teleportation for 24 gold pieces
 60600 | Bazaar   | Bought a scroll of immolation for 28 gold pieces
 60600 | Bazaar   | Bought a scroll of teleportation for 24 gold pieces
 60603 | Bazaar   | Found Vyshull's Antique Weapon Boutique.
 60611 | Bazaar   | Found Rujep's Jewellery Boutique.
 60622 | Bazaar   | Found Acorchaiwn's Antique Armour Emporium.
 61060 | Vaults:3 | Reached XP level 20. HP: 153/164 MP: 11/26
 61866 | Vaults:3 | Reached skill level 5 in Spellcasting
 61869 | Vaults:3 | Reached skill level 16 in Fighting
 62219 | Vaults:3 | Found a staircase to the Crypt.
 62979 | Vaults:4 | Noticed Margery
 63004 | Vaults:4 | Killed Margery
 63637 | Vaults:4 | Reached skill level 5 in Translocations
 63892 | Vaults:5 | Entered Level 5 of the Vaults
 63898 | Vaults:5 | Reached skill level 15 in Shields
 63898 | Vaults:5 | Reached XP level 21. HP: 156/172 MP: 32/32
 63951 | Vaults:5 | Reached skill level 5 in Dodging
 64243 | Vaults:5 | Reached skill level 17 in Fighting
 64247 | Vaults:5 | Found Xulukaad's Food Shoppe.
 64258 | Vaults:5 | Identified Sif Muna's Disquisition on the Volcanoes
 64665 | Vaults:5 | Got a crude steel amulet
 64673 | Vaults:5 | Got a twisted fustibalus
 64716 | Vaults:5 | Identified the +11 fustibalus of Terror {flame, +Fly MR+
                  | Int-3} (You found it on level 5 of the Vaults)
 64717 | Vaults:5 | Identified the amulet of Qiqaubb {+Fly Regen+ SInv} (You
                  | found it on level 5 of the Vaults)
 64792 | Vaults:5 | Noticed a golden dragon
 64825 | Vaults:5 | Killed a golden dragon
 64837 | Vaults:5 | Reached XP level 22. HP: 165/182 MP: 35/35
 64979 | Vaults:5 | Identified the Incunabulum of the Glacier
 65076 | Vaults:5 | Got a silver rune of Zot
 65135 | Vaults:5 | Identified Dadutora's Grimoire of Evil and Hexes
 65756 | Depths:1 | Entered Level 1 of the Depths
 66062 | Depths:1 | Reached skill level 18 in Fighting
 66087 | Depths:1 | Identified the Grimoire of Bewitchment
 66168 | Depths:1 | Found a gateway to Hell.
 66171 | Depths:1 | Noticed Mara
 66193 | Depths:1 | Killed Mara
 66362 | Depths:1 | Found Giukov's Antique Artefacts.
 66370 | Depths:1 | Bought a brightly glowing brass ring for 185 gold pieces
 66370 | Depths:1 | Bought a smoking amber ring for 185 gold pieces
 66370 | Depths:1 | Bought a coiled amber ring for 185 gold pieces
 66370 | Depths:1 | Bought a transparent ivory amulet for 185 gold pieces
 66370 | Depths:1 | Identified the amulet "Plog" {Acrobat Fragile Dex+3} (You
                  | bought it in a shop on level 1 of the Depths)
 66373 | Depths:1 | Identified the ring "Metoz" {*Drain rN+ Str+2 Dex+3 Stlth+}
                  | (You bought it in a shop on level 1 of the Depths)
 66375 | Depths:1 | Identified the ring of Dickidap {*Corrode Str+7 Dex+6
                  | Stlth+} (You bought it in a shop on level 1 of the Depths)
 66377 | Depths:1 | Identified the ring "Oragh" {rPois rN+} (You bought it in a
                  | shop on level 1 of the Depths)
 66453 | Depths:1 | Found a gateway to a ziggurat.
 66711 | Depths:1 | Found a one-way gate leading to the halls of Pandemonium.
 68415 | Depths:3 | Found Ytariexka's Weapon Shop.
 68429 | Depths:3 | You fall into a shaft and drop 2 floors!
 68429 | Depths:5 | Entered Level 5 of the Depths
 68667 | Depths:4 | Reached XP level 23. HP: 183/192 MP: 36/36
 68682 | Depths:4 | Reached skill level 10 in Dodging
 68887 | Depths:4 | Found a one-way gate to the infinite horrors of the Abyss.
 68936 | Depths:4 | Reached skill level 19 in Fighting
 69419 | Depths:2 | Identified the Volume of Excruciating Flight
 70212 | Depths:4 | Got a dull robe
 70754 | Depths:5 | Found a gate to the Realm of Zot.
 71106 | Depths:5 | Reached XP level 24. HP: 202/202 MP: 36/36
 71275 | Depths:5 | Found a viscous altar of Jiyva.
 71720 | Slime:1  | Entered Level 1 of the Pits of Slime
 72470 | Slime:3  | Learned a level 4 spell: Dispel Undead
 72942 | Slime:5  | Entered Level 5 of the Pits of Slime
 73058 | Slime:5  | Reached skill level 5 in Throwing
 73213 | Slime:5  | Reached skill level 15 in Armour
 73228 | Slime:5  | Noticed the Royal Jelly
 73244 | Slime:5  | Killed the Royal Jelly
 73931 | Slime:5  | Got a wavering ruby amulet
 73940 | Slime:5  | Got a slimy rune of Zot
 73944 | Slime:5  | Got a shimmering kite shield
 73965 | Slime:5  | Got a faintly glowing platinum ring
 74023 | Slime:5  | Identified the +0 kite shield of Insecurity {MR++} (You
                  | found it on level 5 of the Pits of Slime)
 74025 | Slime:5  | Identified the amulet of Xom's Whimsicality {Gourm Int+2}
                  | (You found it on level 5 of the Pits of Slime)
 74027 | Slime:5  | Identified the ring "Pyaj" {*Corrode rPois MP+9 AC+3 Dex+9}
                  | (You found it on level 5 of the Pits of Slime)
 74421 | Crypt:1  | Entered Level 1 of the Crypt
 74565 | Crypt:1  | Reached skill level 1 in Necromancy
 75259 | Crypt:1  | Reached skill level 20 in Fighting
 75556 | Crypt:2  | Noticed Ciwiv's ghost (veteran FoFi)
 75557 | Crypt:2  | Found a transporter.
 75595 | Crypt:2  | Found a transporter.
 76081 | Crypt:3  | Entered Level 3 of the Crypt
 76357 | Crypt:3  | Reached XP level 25. HP: 127/210 MP: 15/36
 76878 | Crypt:3  | Identified the cursed +2 short sword "Pedahylo" {vorpal,
                  | Dex+3}
 76991 | Crypt:3  | Found a basalt altar of Yredelemnul.
 76994 | Crypt:3  | Found an ancient bone altar of Kikubaaqudgha.
 77041 | Crypt:3  | Identified Sif Muna's Catalogue of Unholy Secrets
 77127 | Crypt:3  | Got a jewelled ring mail
 77128 | Crypt:3  | Identified Bothruce's Papyrus of Toxins and Curses
 77175 | Crypt:3  | Identified the amulet "Alaigest" {Reflect *Corrode rElec
                  | rF+ Int+4 SH+5} (You acquired it on level 3 of the Crypt)
 77408 | Crypt:3  | Found a staircase to the Tomb.
 78167 | Zot:1    | Entered Level 1 of the Realm of Zot
 78697 | Zot:1    | Got a translucent scale mail
 79106 | Zot:1    | Noticed a Killer Klown
 79111 | Zot:1    | Noticed an orb of fire
 79127 | Zot:1    | Killed a Killer Klown
 79161 | Zot:1    | Killed an orb of fire
 80324 | Zot:3    | Gained mutation: You are strongly in touch with the powers
                  | of death. [Mummy growth]
 80324 | Zot:3    | Reached XP level 26. HP: 220/220 MP: 15/36
 80926 | Zot:3    | Reached skill level 21 in Fighting
 81759 | Zot:3    | Identified the +8 hand axe "Hydraslayer" {venom, rPois}
 82007 | Zot:4    | Identified the +1 ring mail of Happy Babbling {*Corrode rC+
                  | Str+4} (You found it on level 3 of the Crypt)
 82009 | Zot:4    | Identified the +6 scale mail of the Commoners {-Tele rF++
                  | Regen+ SInv} (You found it on level 1 of the Realm of Zot)
 82293 | Zot:4    | Reached skill level 10 in Throwing
 82701 | Zot:5    | Entered Level 5 of the Realm of Zot
 82813 | Zot:5    | Noticed an orb of fire
 83037 | Zot:5    | Noticed an ancient lich
 83076 | Zot:5    | Noticed an orb of fire
 83079 | Zot:5    | Noticed an ancient lich
 83088 | Zot:5    | Killed an orb of fire
 83098 | Zot:5    | Killed an ancient lich
 83275 | Zot:5    | Reached XP level 27. HP: 206/229 MP: 36/36
 83316 | Zot:5    | Noticed an ancient lich
 83323 | Zot:5    | Noticed an orb of fire
 83348 | Zot:5    | Killed an orb of fire
 83369 | Zot:5    | Killed an ancient lich
 83654 | Zot:5    | Killed an ancient lich
 83657 | Zot:5    | Noticed an ancient lich
 83660 | Zot:5    | Killed an orb of fire
 83678 | Zot:5    | Noticed an ancient lich
 83687 | Zot:5    | Noticed an ancient lich
 83691 | Zot:5    | Killed an ancient lich
 83701 | Zot:5    | Killed an ancient lich
 83706 | Zot:5    | Killed an ancient lich
 83788 | Zot:5    | Reached skill level 22 in Fighting
 84103 | Zot:5    | Upgraded the game from 0.25-a0-1009-gac5e0fa to
                  | 0.25-a0-1011-g31286d2
 84206 | Zot:5    | Got the Orb of Zot
 84402 | Zot:1    | Noticed Kuarch the pandemonium lord
 84402 | Zot:1    | Noticed an ancient lich
 84417 | Zot:1    | Noticed a seraph
 84955 | D:6      | Noticed Ugadyel the pandemonium lord
 85095 | D:1      | Noticed Ithuseth the pandemonium lord
 85143 | D:1      | Killed Ithuseth the pandemonium lord
 85158 | D:$      | Escaped with the Orb!

Illustrated notes

Levels and vault maps discovered:
D:1:      dpeg_arrival_subterranean_lakeside_camping, layout_loops_ring,
          chequers_serial_rivers_micro_c
D:2:      layout_loops_ring, tso_oasis_becter, kennysheep_generic_room_10
D:3:      layout_rooms, first_ration
D:4:      minmay_evil_eye, layout_loops_cross, minmay_temple_entry_mist,
          lightli_sewer_entry_pipes, enter_ossuary_1
D:5:      layout_cave_pods
D:6:      layout_basic, chequers_mini_garden,
          nicolae_ru_great_annihilating_truth
D:7:      layout_loops_ring, nicolae_overflow_hidden_temple, xom_redecorated
D:8:      minmay_s_stair_smasher, layout_loops_ring,
          eat_drink_and_be_merry_uskayaw
D:9:      minmay_spotlight, layout_long_grid, blue_anna_alchemist
          [blue_anna_fruit_fields, blue_anna_fruit_fields]
D:10:     layout_gridville, minivault_10, uniq_erica, uniq_urug, uniq_psyche
D:11:     layout_small_grid, lair_entry_dummy, special_room [special_room_orc],
          serial_shops, nicolae_shop_trees, kennysheep_nondescript,
          minivault_19, uniq_snorg, uniq_fannar
D:12:     layout_stronghold, orc_0_dummy
D:13:     layout_stronghold, serial_shops, shop,
          minmay_guarded_unrand_resistance
D:14:     minmay_angry_zag, layout_gridville,
          hangedman_vaults_entry_quadrant_bands, minmay_tree_intersection,
          minmay_hollow_rounded_squares, uniq_azrael
D:15:     gammafunk_enter_depths_forms, layout_loops_cross,
          minmay_misc_feat_ornament
Temple:   minmay_crystal_spiral_temple
Lair:1:   layout_hall_layers, serial_bayou_pond_b
Lair:2:   layout_misc_corridors, minmay_shoals_entry_centaurs,
          spider_nest_entry_web_field, portal_ice_cave_entry_pillars_2,
          basic_altar
Lair:3:   layout_cave_pods
Lair:4:   layout_hall_layers, uniq_josephine
Lair:5:   layout_hall_layers, wad_woods_antlair, serial_bayou_shore_b,
          uniq_rupert
Lair:6:   grunt_lair_end_beastmaster, layout_hall_layers, slime_altar_1,
          basic_altar, grunt_megastairs_4
Shoals:1: layout_shoals
Shoals:2: layout_shoals, serial_shops, nicolae_shop_crystal, shop_fountains,
          shop_fountains, uniq_ilsuiw, uniq_polyphemus
Shoals:3: layout_shoals, serial_shops, shop
Shoals:4: shoals_end_grunt_garden, layout_shoals
Spider:1: layout_spider_delve, uniq_louise
Slime:1:  layout_caves
Slime:2:  layout_caves
Slime:3:  layout_caves
Slime:4:  layout_caves
Slime:5
Orc:1:    layout_diamond_mine, serial_shops, nicolae_shop_window_shopping,
          lightli_church_of_beogh
Orc:2:    grunt_orc_community_town_hall, layout_caves,
          grunt_orc_community_big_house_1, grunt_orc_community_big_house_2,
          grunt_orc_community_house_3, grunt_orc_community_house_1,
          grunt_orc_community_house_3, grunt_orc_community_house_3,
          grunt_orc_community_house_3, grunt_orc_community_house_3, basic_altar,
          gauntlet_entry_generic, mines1_david, uniq_erolcha
Elf:1:    eino_elf_arrival_sip, layout_gridlike, portal_desolation_entry_garden,
          hangedman_elf_disciples, minmay_shoptagon
Elf:2:    layout_rooms, serial_shops, nicolae_shop_statue_plus, shop
Elf:3:    elf_hall, layout_geoelf_castle
Vaults:1: special_room_vaults [special_room_orc], vaults_dpeg_encased_lava,
          nicolae_vaults_bisected_inception, nicolae_vaults_little_squares_6,
          v_rooms_2, hangedman_vaults_hat, nicolae_vaults_network_square,
          v_misc_2, vaults_room_grid, ontoclasm_vaults_fault, vaults_dpeg_ring,
          nicolae_vaults_mini_display_case, layout_vaults_omnicross,
          nicolae_trove_entry_path_of_doom
Vaults:2: vaults_mumra_minichess, v_misc_19, vaults_room_large_hall,
          nicolae_vaults_little_squares_5, vaults_room_corners, v_misc_10,
          ontoclasm_vaults_twist, hangedman_vaults_locks,
          layout_vaults_chaotic_city, serial_shops, shop
Vaults:3: vaults_dpeg_diagonal, vaults_mumra_chevron, nicolae_vaults_arrows,
          ontoclasm_vaults_hangar, dpeg_vaults_monster_row, v_misc_30,
          nicolae_vaults_network_barrier, minmay_crypt_entry_simple_round,
          v_misc_26, v_misc_16, vaults_room_hangedman_quadrants,
          vaults_standard_mumra_x, ontoclasm_vaults_pinch,
          nicolae_vaults_asterisk, layout_vaults_omnibox, serial_shops,
          bzr_entry_road
Vaults:4: ontoclasm_vaults_bender, grunt_vaults_bifocal, vaults_room_pools,
          v_misc_28, ontoclasm_vaults_hangar, v_misc_10,
          ontoclasm_vaults_loading_screen, vaults_dpeg_doors,
          hangedman_vaults_slice, vaults_room_ringed_pool,
          layout_vaults_maze_snakey, uniq_margery
Vaults:5
Crypt:1:  layout_chaotic_city, grunt_crypt_arrival_split, grunt_megastairs_2
Crypt:2:  layout_basic, gammafunk_ghost_mausoleum, lemuel_nasty_fountain
Crypt:3:  lightli_unholy_cathedral, layout_chaotic_city,
          nicolae_tomb_entry_unfolded_pyramid_orthogonal, minmay_misc_feat_rows,
          st_stairs_11, ebering_dispersal_statue_hall, palyth_stone_intersect
Depths:1: layout_gridlike, enter_ziggurat_d, rand_demon_pan_entry_7, hell_entry,
          chequers_big_river, nicolae_antique_artefacts,
          serial_sigils_hangedman_confine, chequers_serial_rivers_micro_e,
          hangedman_research_probablistics, uniq_mara
Depths:2: minmay_connected_triangles_in_corner, layout_twisted_cross,
          hangedman_geh_valley, minmay_misc_feat_roman
Depths:3: kennysheep_big_flooded_room, layout_basic, serial_bayou_pond_c,
          grunt_hell_entry_dis_old, serial_shops, shop_statue,
          grunt_pan_entry_in_and_out, infiniplex_staircase_pool_2
Depths:4: grunt_deathspiral_large, layout_basic, hell_entry,
          hangedman_decor_peaks_small, abyss_entry
Depths:5: grunt_x_marks_the_spot, layout_basic, hell_entry, special_room
          [special_room_jelly], hex_medium, grunt_ministairs_1,
          hangedman_decor_points
Zot:1:    grunt_zot_stairs_mandelzot, layout_onion
Zot:2:    layout_cellular_growth, grunt_megastairs_3
Zot:3:    grunt_zot_stairs_faceoff, layout_concentric_octagons
Zot:4:    layout_gridville, st_stairs_7
Zot:5:    layout_misc_corridors

Skill      XL: |  1  2  3  4  5  6  7  8  9 10 11 12 13 14 15 16 17 18 19 20 21 22 23 24 25 26 27 |
---------------+----------------------------------------------------------------------------------+-----
Axes           | 3 4 5 6 7 8 9 11 12 13 14 15 16 17 18 | 18.0
Fighting       | 3 4 5 6 7 8 9 10 11 12 13 14 15 16 17 18 19 20 21 22 | 22.1
Shields        | 1 2 3 4 6 7 9 10 11 12 13 14 15 16 17 18 19 | 19.7
Armour         | 1 2 3 4 5 6 7 8 9 10 11 12 13 14 15 16 17 | 17.5
Evocations     | 2 3 4 5 6 7 8 |  8.0
Spellcasting   | 3 7 9 |  9.0
Translocations | 2 5 6 |  6.2
Dodging        | 4 7 9 11 12 13 14 | 14.9
Throwing       | 2 7 9 10 11 | 11.8
Necromancy     | 2 |  2.6

Action                   |  1- 3 |  4- 6 |  7- 9 | 10-12 | 13-15 | 16-18 | 19-21 | 22-24 | 25-27 || total
-------------------------+-------+-------+-------+-------+-------+-------+-------+-------+-------++-------
Melee: War axe           |   133 |   131 |   254 |   411 |       |       |       |       |       ||   929
       Dagger            |       |    76 |   403 |    66 |       |       |       |       |       ||   545
       Broad axe         |       |       |       |   316 |  1332 |  1615 |  1326 |  1952 |  1487 ||  8028
       Mace              |       |       |       |     5 |    10 |       |       |       |       ||    15
       Hand axe          |       |       |       |       |    66 |       |       |       |       ||    66
Throw: Throwing net      |     1 |     6 |       |     1 |       |       |       |       |       ||     8
       Javelin           |       |       |       |       |       |       |       |    21 |     7 ||    28
 Cast: Apportation       |       |       |       |       |       |       |       |     2 |       ||     2
       Blink             |       |       |       |       |       |       |       |       |     1 ||     1
Invok: Potion Petition   |       |       |       |     1 |     2 |     2 |       |       |     1 ||     6
       Call Merchant     |       |       |       |     1 |       |     3 |       |       |       ||     4
       Bribe Branch      |       |       |       |       |       |       |       |       |     2 ||     2
 Abil: Evoke Invisibilit |       |       |       |       |     2 |     1 |       |       |       ||     3
       Evoke Flight      |       |       |       |       |     2 |    12 |       |     1 |       ||    15
Evoke: Wand              |       |       |     4 |    28 |     8 |     2 |       |     1 |     2 ||    45
       Box of beasts     |       |       |     1 |     1 |       |       |       |       |       ||     2
       Lightning rod     |       |       |       |     4 |     8 |       |     3 |       |       ||    15
       Phial of floods   |       |       |       |       |     1 |     1 |       |       |       ||     2
       Phantom mirror    |       |       |       |       |       |     1 |       |     1 |       ||     2
  Use: Scroll            |     3 |       |     7 |     8 |    13 |    13 |    14 |    10 |     5 ||    73
 Stab: Sleeping          |     1 |       |       |       |       |     1 |       |       |     6 ||     8
       Held in net/web   |       |     2 |       |       |       |       |       |       |       ||     2
       Distracted        |       |       |     6 |     4 |     6 |     6 |    10 |     9 |    17 ||    58
       Paralysed         |       |       |     7 |    12 |     4 |     4 |       |       |       ||    27
       Invisible         |       |       |       |     1 |    12 |     6 |       |       |       ||    19
       Petrified         |       |       |       |       |     4 |     6 |       |       |       ||    10
Armor: Leather armour    |    36 |       |       |       |       |       |       |       |       ||    36
       Chain mail        |       |    87 |   249 |   300 |   421 |   132 |       |       |       ||  1189
       Plate armour      |       |       |       |       |    54 |   548 |   504 |   717 |   460 ||  2283
Dodge: Dodged            |    89 |    53 |   144 |   193 |   400 |   370 |   266 |   609 |   481 ||  2605
Block: Kite shield       |       |    59 |   278 |   453 |   891 |  1105 |   766 |  1282 |  1166 ||  6000
       Reflection        |       |       |       |       |       |       |       |       |    19 ||    19

Table legend:
 A = Non-vault XP
 B = Vault XP
 C = Vault XP percentage of total XP
 D = Non-vault monster count
 E = Vault monster count
 F = Vault count percentage of total count
                 A         B        C        D         E       F
            +---------+---------+-------+---------+---------+-------
      Total |  826449 |  784405 |  48.7 |    1463 |     916 |  38.5
            +---------+---------+-------+---------+---------+-------
        D:1 |      20 |      10 |  33.3 |      13 |       6 |  31.6
        D:2 |      59 |       4 |   6.3 |      19 |       2 |   9.5
        D:3 |     141 |       0 |   0.0 |      25 |       0 |   0.0
        D:4 |     354 |     237 |  40.1 |      22 |      18 |  45.0
        D:5 |     408 |       0 |   0.0 |      15 |       0 |   0.0
        D:6 |     688 |      18 |   2.5 |      12 |       4 |  25.0
        D:7 |    1088 |       0 |   0.0 |      22 |       0 |   0.0
        D:8 |    1365 |     223 |  14.0 |      31 |       7 |  18.4
        D:9 |    2546 |     756 |  22.9 |      32 |       7 |  17.9
       D:10 |     219 |    1406 |  86.5 |       7 |       4 |  36.4
       D:11 |    4135 |    2648 |  39.0 |      37 |      24 |  39.3
       D:12 |    6479 |       0 |   0.0 |      24 |       0 |   0.0
       D:13 |    7632 |    3102 |  28.9 |      32 |       3 |   8.6
       D:14 |   10134 |   14103 |  58.2 |      29 |      41 |  58.6
       D:15 |    6315 |    4114 |  39.4 |      13 |      15 |  53.6
     Lair:1 |    4146 |    1255 |  23.2 |      22 |       3 |  12.0
     Lair:2 |    2997 |     458 |  13.3 |      14 |       4 |  22.2
     Lair:3 |    2052 |       0 |   0.0 |       9 |       0 |   0.0
     Lair:4 |    5435 |    2067 |  27.6 |      18 |       6 |  25.0
     Lair:5 |    8190 |    7628 |  48.2 |      33 |      15 |  31.2
     Lair:6 |   12005 |   10511 |  46.7 |      41 |      25 |  37.9
   Shoals:1 |    3564 |       0 |   0.0 |       7 |       0 |   0.0
   Shoals:2 |   16091 |   10526 |  39.5 |      27 |      10 |  27.0
   Shoals:3 |   13544 |       0 |   0.0 |      27 |       0 |   0.0
   Shoals:4 |   25191 |   16251 |  39.2 |      47 |      23 |  32.9
    Slime:1 |    5776 |       0 |   0.0 |      16 |       0 |   0.0
    Slime:2 |    1846 |       0 |   0.0 |       6 |       0 |   0.0
    Slime:3 |   17131 |       0 |   0.0 |      26 |       0 |   0.0
    Slime:4 |    4254 |       0 |   0.0 |       8 |       0 |   0.0
    Slime:5 |   15959 |   29700 |  65.0 |      31 |      14 |  31.1
      Orc:1 |    2169 |    1056 |  32.7 |      17 |      16 |  48.5
      Orc:2 |    2322 |    9229 |  79.9 |      53 |      70 |  56.9
      Elf:1 |   12556 |    6647 |  34.6 |      17 |      11 |  39.3
      Elf:2 |   21884 |   13973 |  39.0 |      38 |      19 |  33.3
      Elf:3 |   11941 |   41495 |  77.7 |      23 |      29 |  55.8
   Vaults:1 |   35642 |   34047 |  48.9 |      53 |      65 |  55.1
   Vaults:2 |   23496 |    8504 |  26.6 |      38 |      20 |  34.5
   Vaults:3 |   22101 |   45897 |  67.5 |      38 |      65 |  63.1
   Vaults:4 |   34576 |   15134 |  30.4 |      56 |      17 |  23.3
   Vaults:5 |   48088 |  111924 |  69.9 |      55 |      82 |  59.9
    Crypt:1 |   18783 |    5759 |  23.5 |      27 |       4 |  12.9
    Crypt:2 |   26147 |       0 |   0.0 |      33 |       0 |   0.0
    Crypt:3 |   28101 |   40602 |  59.1 |      35 |      48 |  57.8
   Depths:1 |   24777 |   20892 |  45.7 |      41 |      14 |  25.5
   Depths:2 |   36556 |   18281 |  33.3 |      40 |      13 |  24.5
   Depths:3 |   15750 |    9559 |  37.8 |      16 |      16 |  50.0
   Depths:4 |   29782 |   46573 |  61.0 |      33 |      45 |  57.7
   Depths:5 |   30214 |   35425 |  54.0 |      24 |      32 |  57.1
      Zot:1 |   44667 |   30444 |  40.5 |      27 |      23 |  46.0
      Zot:2 |   38821 |     943 |   2.4 |      27 |       2 |   6.9
      Zot:3 |   48630 |   22865 |  32.0 |      36 |      14 |  28.0
      Zot:4 |   35250 |    1945 |   5.2 |      19 |       1 |   5.0
      Zot:5 |   40924 |  150254 |  78.6 |      24 |      37 |  60.7
    Abyss:2 |   13508 |       0 |   0.0 |      28 |       0 |   0.0
    Ossuary |       0 |     155 | 100.0 |       0 |      16 | 100.0
      IceCv |       0 |    4240 | 100.0 |       0 |      20 | 100.0
   Gauntlet |       0 |    3545 | 100.0 |       0 |       6 | 100.0
            +---------+---------+-------+---------+---------+-------
